 Dungeon Crawl Stone Soup version 0.19.1 (webtiles) character file.

539 Nakatomy the Archer (level 7, -3/60 HPs)
             Began as a Centaur Hunter on Dec 27, 2016.
             Was an Initiate of Fedhas.
             Killed by divine providence
             ... invoked by an orc priest
              (9 damage)
             ... on level 5 of the Dungeon.
             The game lasted 00:11:49 (5035 turns).

Nakatomy the Archer (Centaur Hunter)                Turns: 5035, Time: 00:11:50

Health: -3/60      AC:  4    Str: 15    XL:     7   Next: 5%
Magic:  7/7        EV:  9    Int: 11    God:    Fedhas [......]
Gold:   214        SH:  0    Dex: 10    Spells: 0 memorised, 6 levels left

rFire  . . .     SeeInvis .     b - +1 whip (elec)
rCold  . . .     Gourm    .     c - +0 leather armour
rNeg   . . .     Faith    .     (no shield)
rPois  .         Spirit   .     (no helmet)
rElec  .         Reflect  .     (no cloak)
rCorr  .         Harm     .     (no gloves)
MR     .....                    (no barding)
Stlth  +.........               (no amulet)
                                (no ring)
                                (no ring)

@: lethally poisoned (-3 -> -4), very quick
A: hooves 3, deformed body, speed 2, tough skin 3
a: Fungal Bloom, Renounce Religion


You were on level 5 of the Dungeon.
You worshipped Fedhas.
Fedhas was noncommittal.
You were very hungry.

You visited 1 branch of the dungeon, and saw 5 of its levels.

You collected 214 gold pieces.

Inventory:

Hand Weapons
 a - a +1 shortbow
 b - a +1 whip of electrocution (weapon)
Missiles
 d - 66 arrows
Armour
 c - a +0 leather armour (worn)
Jewellery
 m - an uncursed ring of ice
Scrolls
 h - 3 scrolls of remove curse
 i - 2 scrolls of magic mapping
 k - 7 scrolls of identify {unknown}
 o - 2 scrolls of amnesia {unknown}
 q - a scroll of enchant weapon {unknown}
 r - a scroll of fear {unknown}
 v - a scroll of enchant armour {unknown}
 w - a scroll of immolation {unknown}
Potions
 e - a potion of haste {unknown}
 g - a potion of invisibility {unknown}
 l - 2 potions of degeneration {unknown}
 n - a potion of curing {unknown}
 p - a potion of brilliance {unknown}
 s - a potion of cure mutation {unknown}
 t - a potion of berserk rage {unknown}
 u - a potion of heal wounds {unknown}
Comestibles
 f - 3 bread rations


   Skills:
 + Level 4.7 Fighting
 * Level 9.5 Bows
 - Level 1.3 Dodging
 - Level 0.4 Stealth


You had 6 spell levels left.
You didn't know any spells.

Dungeon Overview and Level Annotations

Branches:
Dungeon (5/15)             Temple (0/1) D:4

Altars:
Fedhas
Yredelemnul
The Shining One

Shops:
D:4 *

Annotations:
D:2 exclusion: downstairs


Innate Abilities, Weirdness & Mutations

You have hooves in place of feet.
Armour fits poorly on your strangely shaped body.
You cover ground very quickly.
You have extremely tough skin. (AC +3)


Message History

The orc wizard closely misses you.
You miss the orc wizard. Your kick misses the orc wizard.
The orc wizard is moderately wounded.
You feel sick.
The orc priest calls upon Beogh to heal the orc wizard.
The orc wizard's wounds heal themselves!
The orc wizard hits you but does no damage.
You closely miss the orc wizard. You kick the orc wizard.
The orc wizard is lightly wounded.
The orc priest mumbles some strange prayers to Beogh against you.
Beogh smites you!
* * * LOW HITPOINT WARNING * * *
The orc wizard hits you but does no damage.
Okay, then.
Unknown command.
Unknown command.
The orc priest calls down the wrath of Beogh upon you.
Beogh smites you!
You die...
Fedhas appreciates your contribution to the ecosystem.

***,*** *,,,,,,,,,, **,,,,,*
*,********* ,*,,,,,**** *,* *****
,,,,,,,,,,******* *,* *,,,,
,,,..,,**,,,,,,,****##*,# *,***
,,,...,,,,<,,,,,,,,,<##.#****,***
,,,...,********,,,,,...,,,,,,,,,,
,,*#.#** ######o##.#.#,*,***
,**#.# #.@.oo.(((...,,,,,, ** #.#
#.####)##(...,,,,,,
####.##########.# *.#***,#**,***
..........<....(# *.# *,* *,***
####.############ *5# *,* *,,,,
...#.# *.# *,* *,*** #....#
*.#***,* *,* * ....<# *..,>,,*
*,*** #...## ******,* *,,,,


You could see an orc priest, an orc wizard and an orc.

Vanquished Creatures
  The ghost of JDB the Twirler, an amateur MiGl (D:4)
  An ice beast (D:4)
  A centaur (D:5)
  An orc priest (D:3)
  2 orc wizards (D:3)
  A worker ant (D:5)
  4 adders
  An ooze (D:2)
  An adder skeleton (D:4)
  A worm (D:3)
  2 dart slugs (D:1)
  A leopard gecko (D:1)
  6 orcs
  4 giant cockroaches
  8 hobgoblins
  11 jackals
  2 kobolds (D:1)
  A quokka (D:2)
  2 ball pythons
  10 bats
  4 frilled lizards
  7 goblins
  6 rats
78 creatures vanquished.

Vanquished Creatures (others)
  14 toadstools
14 creatures vanquished.

Grand Total: 92 creatures vanquished

Notes
Turn   | Place    | Note
-------+----------+-------------------------------------------
     0 | D:1      | Nakatomy the Centaur Hunter began the quest for the Orb.
     0 | D:1      | Reached XP level 1. HP: 17/17 MP: 1/1
     6 | D:1      | Noticed a rime drake
     6 | D:1      | Noticed a hog
     6 | D:1      | Noticed a swamp worm
     7 | D:1      | Noticed an anaconda
     7 | D:1      | Noticed a crocodile
   144 | D:1      | Reached XP level 2. HP: 20/24 MP: 2/2
   410 | D:1      | Reached skill level 6 in Bows
   782 | D:1      | Reached XP level 3. HP: 30/30 MP: 3/3
  2053 | D:2      | Reached XP level 4. HP: 37/38 MP: 4/4
  2473 | D:3      | Found a blossoming altar of Fedhas.
  2486 | D:3      | Became a worshipper of Fedhas Madash
  2583 | D:3      | Found a glowing golden altar of the Shining One.
  2669 | D:3      | Reached skill level 7 in Bows
  2671 | D:3      | Reached XP level 5. HP: 31/45 MP: 5/5
  3449 | D:3      | Found a basalt altar of Yredelemnul.
  3770 | D:4      | Found a staircase to the Ecumenical Temple.
  3960 | D:4      | Noticed JDB's ghost (amateur MiGl)
  4054 | D:4      | Killed JDB's ghost
  4054 | D:4      | Reached skill level 8 in Bows
  4054 | D:4      | Reached XP level 6. HP: 20/52 MP: 6/6
  4442 | D:4      | Found Kirgh's Serpentskin Sales.
  4886 | D:5      | Entered Level 5 of the Dungeon
  4910 | D:5      | Noticed an ice beast
  4968 | D:4      | Killed an ice beast
  4968 | D:4      | Reached skill level 9 in Bows
  5015 | D:5      | Reached XP level 7. HP: 35/60 MP: 7/7
  5035 | D:5      | Killed from afar by an orc priest

Skill      XL: |  1  2  3  4  5  6 |
---------------+-------------------+-----
Bows           | 6 7 8 9 |  9.5
Fighting       | 3 4 |  4.7
Dodging        | |  1.3
Stealth        | |  0.4

Action                   |  1- 3 |  4- 6 |  7- 9 || total
-------------------------+-------+-------+-------++-------
Melee: Short sword       |    63 |       |       ||    63
       Kick              |    17 |     7 |     3 ||    27
       Whip              |    69 |    42 |    15 ||   126
 Fire: Shortbow          |     8 |    73 |       ||    81
Invok: Fungal Bloom      |       |     6 |     2 ||     8
  Use: Scroll            |       |     2 |       ||     2
  Eat: Chunk             |     2 |     4 |       ||     6
       Fruit             |       |     3 |       ||     3
Armor: Leather armour    |    52 |    16 |     5 ||    73
Dodge: Dodged            |    76 |    19 |     6 ||   101
